 Dungeon Crawl Stone Soup version 0.21-a0-265-gb353147 (webtiles) character file.

108187 snldv the Warrior (level 16, -2/151 HPs)
             Began as a Hill Orc Monk on Sept 12, 2017.
             Was the Champion of Makhleb.
             Slain by a hog (13 damage)
             ... led by Kirke
             ... on level 1 of the Spider Nest.
             The game lasted 01:53:11 (33038 turns).

snldv the Warrior (Hill Orc Monk)                  Turns: 33038, Time: 01:53:11

Health: -2/151     AC:  0    Str: 22    XL:     16   Next: 48%
Magic:  25/25      EV: 21    Int: 10    God:    Makhleb [******]
Gold:   2663       SH:  6    Dex: 22    Spells: 15/15 levels left

rFire    . . .     SeeInvis .   (weapon currently unavailable)
rCold    . . .     Gourm    .   (shield currently unavailable)
rNeg     . . .     Faith    .   (armour currently unavailable)
rPois    .         Spirit   .   (helmet currently unavailable)
rElec    .         Reflect  +   (cloak currently unavailable)
rCorr    .         Harm     .   (gloves currently unavailable)
MR       +....     Rnd*Tele +   (boots currently unavailable)
Stlth    ++........             u - +6 amulet of reflection
HPRegen  0.35/turn              (ring currently unavailable)
MPRegen  0.19/turn              (ring currently unavailable)

@: mighty, agile, pig-form, silence, drained, very quick
A: agile 1, mutation resistance 1, teleportitis 1, weak 1
a: Renounce Religion


You were on level 1 of the Spider Nest.
You worshipped Makhleb.
Makhleb was exalted by your worship.
You were not hungry.
You were a filthy swine.
You visited 6 branches of the dungeon, and saw 29 of its levels.
You also visited: Sewer.

You collected 2663 gold pieces.

Inventory:

Hand Weapons
 a - the +3 demon blade of Gyurif (melded) {elec, rElec}
   (You acquired it on level 15 of the Dungeon)

   Occasionally, upon striking a foe, it will discharge some electrical energy
   and cause terrible harm.
   It insulates you from electricity.
 b - a +2 hunting sling of freezing
 d - a +0 demon trident of flaming
 T - a +4 falchion of protection
Missiles
 V - 83 sling bullets
Armour
 j - a +1 cloak of poison resistance (melded)
 n - a +1 pair of boots (melded)
 p - a +2 pair of gloves of dexterity (melded)
 r - the +4 shield of Okawaru's Delight (melded) {rCorr Dex+2}
   (You found it on level 4 of the Lair of Beasts)

   It affects your dexterity (+2).
   It protects you from acid and corrosion.
 y - a +2 plate armour of fire resistance
 X - the +9 chain mail of the Accordion (melded) {rCorr Dex+4}
   (You found it on level 9 of the Dungeon)

   It affects your dexterity (+4).
   It protects you from acid and corrosion.
Jewellery
 i - a ring of protection from magic (melded)
 m - an uncursed ring of protection from magic
 u - a +6 amulet of reflection (around neck)
 M - the macabre finger necklace {rN+}
   (You found it on level 3 of the Swamp)

   [amulet of nothing]

   It protects you from negative energy.
 Q - a ring of protection from cold (melded)
Wands
 e - a wand of lightning (13/15)
 g - a wand of flame (7/48)
 l - a wand of enslavement (8/24)
 t - a wand of confusion (28/48)
 w - a wand of disintegration (8/24)
 C - a wand of iceblast (8/15)
 L - a wand of lightning (7/15)
Scrolls
 k - 3 scrolls of fear
 v - 5 scrolls of remove curse
 z - 2 scrolls of identify
 I - 2 scrolls of blinking
 K - 2 scrolls of enchant weapon
 P - a scroll of recharging
 Y - a scroll of magic mapping
 Z - 2 scrolls of fog
Potions
 o - 3 potions of brilliance
 s - 4 potions of magic
 x - a potion of agility
 A - 11 potions of curing
 E - 4 potions of flight
 G - 4 potions of lignification
 H - a potion of might
 J - a potion of berserk rage
Miscellaneous
 R - a phantom mirror
Comestibles
 c - 11 bread rations
 f - 8 meat rations
 h - 24 royal jellies
 q - 2 chunks of flesh
 F - 13 fruits


   Skills:
 + Level 16.2(16.1) Fighting
 - Level 14.7(14.6) Long Blades
 + Level 14.4 Armour
 - Level 2.4(2.3) Dodging
 - Level 1.5 Stealth
 - Level 15.1(15.0) Shields
 + Level 12.1(12.0) Invocations


You had 15 spell levels left.
You didn't know any spells.

Dungeon Overview and Level Annotations

Branches:
Dungeon (15/15)            Temple (1/1) D:7            Lair (6/6) D:8
  Swamp (4/4) Lair:3       Spider (1/4) Lair:2        Slime (0/5) Lair:5
    Orc (2/2) D:12            Elf (0/3) Orc:2        Vaults (0/5) D:13
 Depths (0/5) D:15

Altars:
Ashenzari
Cheibriados
Dithmenos
Elyvilon
Fedhas
Gozag
Hepliaklqana
Kikubaaqudgha
Makhleb
Nemelex Xobeh
Okawaru
Qazlal
Ru
Sif Muna
Trog
Uskayaw
Vehumet
Wu Jian
Xom
Yredelemnul
Zin
The Shining One
Beogh
Jiyva

Shops:
D:5 *   D:6 =   D:10 [   Orc:2 }[**

Portals:
Trove: D:15 (give +5 demon trident)

Annotations:
D:2 Sigmund
Swamp:3 exclusion: Roxanne, Roxanne
Spider:1 Frances, Kirke


Innate Abilities, Weirdness & Mutations

You are agile. (Dex +2)
You are somewhat resistant to further mutation.
You are occasionally teleported next to monsters.
You are weak. (Str -2)


Message History

Okay, then.
Blink to where?
Press: ? - help, Dir - move target cursor, p - Frances You can't see that place. [the floor.]
Okay, then.
You feel very mighty all of a sudden.
Frances speaks in an indecipherable language.
Frances hits you with a short sword!! The hog completely misses you.
The hog misses you. Frances hits you with a short sword.
You hear an angry squeal.
You hit Frances but do no damage. The hog completely misses you.
The hog misses you. Frances hits you with a short sword!!
* * * LOW HITPOINT WARNING * * *
Okay, then.
As you read the scroll of silence, it crumbles to dust.
A profound silence engulfs you. The hog bites you!
* * * LOW HITPOINT WARNING * * *
The hog bites you!
You die...

#s.. .s## #.s#
####h@##
#..@...#
###ยง{#.5####
#s44##...#.#
##@h#......#
#hh#..#..######
#######...#.#.##
#..#......#
##.#.....#####
###.#.#......
######.....
#...### #.#....
###...#


You could see Frances, an orb spider, 2 hogs, a chaos spawn and a red devil.

Vanquished Creatures
  Nikola (Swamp:2)
  2 thorn hunters
  Donald (Swamp:2)
  An ettin (Orc:2)
  2 vault guards (D:13)
  8 hydras
  A catoblepas (Lair:5)
  11 alligators
  2 ghost crabs (Swamp:3)
  5 centaur warriors
  8 two-headed ogres
  5 death yaks
  An ogre mage (D:13)
  A deep troll shaman (Lair:6)
  3 spriggans (Swamp:3)
  Nergalle (Lair:3)
  5 skeletal warriors
  3 unseen horrors
  A swamp dragon (Swamp:2)
  A wizard (D:15)
  A lindwurm (Lair:6)
  2 spriggan druids
  A shambling mangrove (Swamp:3)
  2 necromancers
  An orb spider (Spider:1)
  An orc knight (D:13)
  An ugly thing (D:13)
  2 wolf spiders (Spider:1)
  A manticore (D:12)
  7 orc sorcerers
  A fire giant zombie (D:15)
  4 cyclopes
  2 slime creatures (D:13)
  Maurice (Orc:1)
  6 elephants (Lair:6)
  3 black mambas
  3 gargoyles
  12 spiny frogs
  7 centaur skeletons
  A guardian mummy (D:15)
  5 komodo dragons
  3 rime drakes
  3 demonic crawlers (Spider:1)
  A queen bee (Lair:1)
  A spriggan skeleton (D:15)
  8 trolls
  3 meliai (D:13)
  3 hornets (Swamp:3)
  7 tyrant leeches
  A jumping spider (Spider:1)
  4 polar bears
  A merfolk (D:12)
  4 blink frogs
  2 spriggan zombies (D:15)
  Grinder (D:6)
  12 hippogriffs
  4 bog bodies
  4 flying skulls (D:11)
  5 shadows
  A tarantella (Lair:2)
  5 wraiths
  15 yaks
  3 basilisks
  5 wyverns
  Eustachio (D:6)
  2 vampire mosquitoes (Swamp:2)
  Menkaure (D:7)
  14 swamp worms
  9 insubstantial wisps
  8 wargs
  8 porcupines
  9 water moccasins
  8 orc warriors
  2 sky beasts
  4 black bears
  3 ice beasts
  2 phantoms
  5 swamp drakes
  5 necrophages
  3 wolves (Lair:6)
  8 ogres
  21 centaurs
  6 crocodiles
  8 big kobolds
  20 bullfrogs
  2 elf skeletons (D:5)
  A wyvern skeleton (D:11)
  5 scorpions
  25 killer bees (Lair:1)
  3 wights
  3 electric eels
  9 centaur zombies
  9 crimson imps
  A human zombie (D:5)
  Crazy Yiuf (D:2)
  4 bullfrog zombies
  8 hounds
  14 orc priests
  4 bullfrog skeletons
  4 jellies
  43 orc wizards
  2 gnoll shamans
  A human skeleton (D:5)
  3 iguanas
  11 worker ants
  5 hound skeletons
  A mummy (D:12)
  3 worker ant zombies
  2 howler monkey zombies (D:11)
  19 gnolls
  15 adders
  3 shadow imps
  5 oozes
  An adder skeleton (D:9)
  2 adder zombies (D:6)
  10 worms
  7 dart slugs
  9 leopard geckos
  107 orcs
  8 giant cockroaches
  4 goblins
  4 hobgoblins
  13 jackals
  8 quokkas
  2 ball pythons (Sewer)
  6 bats
  5 frilled lizards
  22 kobolds
  A leopard gecko skeleton (D:4)
  A leopard gecko zombie (D:5)
  2 orc skeletons (D:5)
  A quokka zombie (D:7)
  14 rats
803 creatures vanquished.

Vanquished Creatures (collateral kills)
  A dire elephant (Lair:6)
  The ghost of p0werm0de the Epochal, a journeyman OpCj of Cheibriados (Lair:6)
  A hydra (Lair:2)
  2 vault guards (D:13)
  A death yak (Lair:6)
  An orc sorcerer (Orc:2)
  2 elephants (Lair:6)
  A black mamba (Lair:6)
  5 blink frogs
  A basilisk (Lair:3)
  A vampire mosquito (Swamp:2)
  A porcupine (Lair:4)
  A black bear (Lair:6)
  A wolf (Lair:6)
  An orc wizard (Orc:2)
  An orc (Orc:2)
22 creatures vanquished.

Vanquished Creatures (others)
  Nessos (D:13)
  A centaur warrior (D:12)
  A flayed ghost (D:15)
  A deep elf archer (D:13)
  2 yaktaurs (D:13)
  A hornet (Swamp:4)
  A spriggan (Swamp:4)
  A swamp worm (Swamp:3)
  5 centaurs
  An orc wizard (Orc:2)
  2 orcs (Orc:2)
  A bush (Lair:6)
  2 fungi (Lair:1)
  17 plants
  A withered plant (D:15)
38 creatures vanquished.

Grand Total: 863 creatures vanquished

Notes
Turn   | Place    | Note
-------+----------+-------------------------------------------
     0 | D:1      | snldv the Hill Orc Monk began the quest for the Orb.
     0 | D:1      | Reached XP level 1. HP: 19/19 MP: 1/1
   145 | D:1      | Reached XP level 2. HP: 25/27 MP: 2/2
   815 | D:1      | Reached skill level 4 in Fighting
   815 | D:1      | Reached XP level 3. HP: 25/33 MP: 3/3
  1338 | D:2      | Noticed Sigmund
  1607 | D:2      | Found a runed door.
  1612 | D:2      | Noticed Crazy Yiuf
  1625 | D:2      | Killed Crazy Yiuf
  1625 | D:2      | Reached XP level 4. HP: 5/41 MP: 4/4
  1633 | D:2      | HP: 2/41 [poisoned by Crazy Yiuf]
  1641 | D:2      | HP: 1/41 [poisoned by Crazy Yiuf]
  1988 | D:2      | Reached skill level 5 in Long Blades
  2229 | D:2      | You fall through a shaft!
  2300 | D:3      | Reached skill level 1 in Shields
  2321 | D:3      | Reached XP level 5. HP: 5/47 MP: 5/5
  3542 | D:4      | Reached skill level 5 in Fighting
  3589 | D:4      | Reached XP level 6. HP: 43/56 MP: 6/6
  4318 | D:4      | Found a shadowy altar of Dithmenos.
  4691 | D:4      | Reached XP level 7. HP: 28/61 MP: 7/7
  4937 | D:4      | Found a hide-covered altar of Uskayaw.
  5303 | D:5      | Entered Level 5 of the Dungeon
  5536 | D:5      | Found a glowing drain.
  5540 | Sewer    | Entered a sewer
  6119 | Sewer    | Reached skill level 6 in Fighting
  6205 | Sewer    | Reached XP level 8. HP: 68/70 MP: 8/8
  6425 | D:5      | Found Qotyreolos's Assorted Antiques.
  6481 | D:5      | Reached skill level 7 in Fighting
  6608 | D:5      | Found an opulent altar of Gozag.
  7149 | D:6      | Found Lunnoto's Jewellery Shoppe.
  7176 | D:6      | Noticed Eustachio
  7199 | D:6      | Killed Eustachio
  7199 | D:6      | Reached XP level 9. HP: 55/80 MP: 9/9
  7315 | D:6      | Found a glowing silver altar of Zin.
  7399 | D:6      | Reached skill level 10 in Long Blades
  7591 | D:6      | Reached skill level 8 in Fighting
  7595 | D:6      | Noticed Grinder
  7617 | D:6      | Killed Grinder
  7617 | D:6      | Reached skill level 1 in Armour
  9055 | D:7      | Reached skill level 9 in Fighting
  9143 | D:7      | Noticed Menkaure
  9144 | D:7      | Noticed a centaur warrior
  9194 | D:7      | Found a staircase to the Ecumenical Temple.
  9203 | Temple   | Entered the Ecumenical Temple
  9506 | Temple   | Became a worshipper of Makhleb the Destroyer
  9506 | Temple   | Reached * piety under Makhleb
  9506 | Temple   | Reached ** piety under Makhleb
  9608 | D:7      | Killed Menkaure
  9608 | D:7      | Reached skill level 1 in Invocations
  9663 | D:7      | Reached XP level 10. HP: 63/91 MP: 11/11
  9819 | D:7      | Killed a centaur warrior
 10039 | D:8      | Found a basalt altar of Yredelemnul.
 10046 | D:8      | Found a stormy altar of Qazlal.
 10047 | D:8      | Found an opulent altar of Gozag.
 10050 | D:8      | Found an iron altar of Okawaru.
 10168 | D:8      | Found a staircase to the Lair.
 10182 | D:8      | Noticed a two-headed ogre
 10853 | D:9      | Found a stormy altar of Qazlal.
 10939 | D:9      | Reached skill level 10 in Fighting
 10997 | D:9      | Got a jewelled chain mail
 10998 | D:9      | Identified the +9 chain mail of the Accordion {rCorr Dex+4} (You found it on level 9 of the Dungeon)
 11020 | D:9      | Reached skill level 5 in Invocations
 11125 | D:9      | Reached *** piety under Makhleb
 11751 | D:10     | Entered Level 10 of the Dungeon
 12024 | Lair:1   | Entered Level 1 of the Lair of Beasts
 12192 | Lair:1   | Noticed a five-headed hydra
 12205 | Lair:1   | Killed a five-headed hydra
 12205 | Lair:1   | Reached skill level 11 in Fighting
 12205 | Lair:1   | Reached XP level 11. HP: 87/102 MP: 14/16
 13182 | Lair:1   | Reached skill level 5 in Armour
 13206 | Lair:1   | Reached skill level 12 in Fighting
 13278 | Lair:1   | Reached **** piety under Makhleb
 14342 | Lair:2   | Noticed a five-headed hydra
 14358 | Lair:2   | Killed a five-headed hydra
 14558 | Lair:2   | Found a hole to the Spider Nest.
 14566 | Lair:2   | Reached XP level 12. HP: 113/113 MP: 17/17
 14981 | Lair:3   | Found a staircase to the Swamp.
 15533 | Lair:3   | Reached skill level 13 in Fighting
 15748 | Lair:3   | Noticed Nergalle
 15785 | Lair:3   | Killed Nergalle
 16685 | Lair:4   | Got an encrusted shield
 16686 | Lair:4   | Identified the +4 shield of Okawaru's Delight {rCorr Dex+2} (You found it on level 4 of the Lair of Beasts)
 17581 | Lair:5   | Found a staircase to the Slime Pits.
 17581 | Lair:5   | Found a viscous altar of Jiyva.
 18058 | Lair:5   | Noticed a four-headed hydra
 18068 | Lair:5   | Killed a four-headed hydra
 18372 | Lair:6   | Entered Level 6 of the Lair of Beasts
 18541 | Lair:6   | Reached skill level 14 in Fighting
 18557 | Lair:6   | Noticed a four-headed hydra
 18566 | Lair:6   | Killed a four-headed hydra
 18566 | Lair:6   | Reached skill level 5 in Shields
 18599 | Lair:6   | Reached XP level 13. HP: 106/124 MP: 18/18
 18648 | Lair:6   | Noticed p0werm0de's ghost (journeyman OpCj)
 18667 | Lair:6   | Killed p0werm0de's ghost
 18688 | Lair:6   | Reached skill level 10 in Armour
 20703 | Lair:6   | Reached skill level 10 in Shields
 20781 | Lair:6   | Noticed a dire elephant
 20799 | Lair:6   | Killed a dire elephant
 21328 | D:10     | Found Vykicel's Antique Armour Shop.
 21706 | D:10     | Found a white marble altar of Elyvilon.
 22123 | D:11     | Reached XP level 14. HP: 109/132 MP: 19/19
 23487 | D:11     | Reached ***** piety under Makhleb
 24586 | D:12     | Found a staircase to the Orcish Mines.
 25395 | D:13     | Noticed Nessos
 25413 | D:13     | Killed Nessos
 25808 | D:13     | Reached XP level 15. HP: 121/137 MP: 20/20
 25923 | D:13     | Found a gate to the Vaults.
 25980 | D:13     | Reached skill level 15 in Shields
 26521 | D:14     | Reached ****** piety under Makhleb
 26793 | D:14     | You fall through a shaft!
 26793 | D:15     | Entered Level 15 of the Dungeon
 26908 | D:15     | Found a staircase to the Depths.
 27270 | D:15     | Found a portal to a secret trove of treasure.
 27343 | D:15     | Identified a scroll of acquirement
 27346 | D:15     | Got a bloodstained demon blade
 27348 | D:15     | Identified the +3 demon blade of Gyurif {elec, rElec} (You acquired it on level 15 of the Dungeon)
 27724 | D:14     | Gained mutation: You are weak. (Str -2) [potion of mutation]
 27724 | D:14     | Gained mutation: You are agile. (Dex +2) [potion of mutation]
 27724 | D:14     | Gained mutation: You are occasionally teleported next to monsters. [potion of mutation]
 27724 | D:14     | Gained mutation: You are somewhat resistant to further mutation. [potion of mutation]
 27991 | Swamp:1  | Entered Level 1 of the Swamp
 28598 | Swamp:2  | Noticed Nikola
 28620 | Swamp:2  | Killed Nikola
 28620 | Swamp:2  | Reached skill level 15 in Fighting
 28672 | Swamp:2  | Noticed Donald
 28688 | Swamp:2  | Killed Donald
 28688 | Swamp:2  | Reached skill level 10 in Invocations
 29179 | Swamp:2  | Noticed a thorn hunter
 29196 | Swamp:2  | Killed a thorn hunter
 29240 | Swamp:2  | Reached XP level 16. HP: 145/148 MP: 24/24
 29654 | Swamp:3  | Noticed a thorn hunter
 29667 | Swamp:3  | Killed a thorn hunter
 29830 | Swamp:3  | Noticed Roxanne
 29871 | Swamp:3  | Found the macabre finger necklace {rN+}
 30452 | Swamp:4  | Entered Level 4 of the Swamp
 30516 | Swamp:4  | Noticed a thorn hunter
 30974 | Orc:1    | Entered Level 1 of the Orcish Mines
 31027 | Orc:2    | Entered Level 2 of the Orcish Mines
 31522 | Orc:2    | Reached skill level 16 in Fighting
 31542 | Orc:2    | Found Cagasug's Gadget Shop.
 31542 | Orc:2    | Found Huvul's Armour Shoppe.
 31595 | Orc:2    | Found a staircase to the Elven Halls.
 31621 | Orc:2    | Found a roughly hewn altar of Beogh.
 31646 | Orc:2    | Found Ubran's General Store.
 31646 | Orc:2    | Found Xinocipt's General Store.
 31902 | Orc:1    | Noticed Maurice
 31914 | Orc:1    | Killed Maurice
 32842 | Spider:1 | Entered Level 1 of the Spider Nest
 32999 | Spider:1 | Noticed Frances
 33003 | Spider:1 | Noticed Kirke
 33038 | Spider:1 | Slain by a hog

Vault maps used:
D:1:      onia_arrival_mini_spirals, minivault_19
D:2:      minmay_randomly_rotated_circles, uniq_crazy_yiuf_cottage, uniq_sigmund
D:3:      serial_park_tiny_pond
D:4:      lemuel_crystal_altar, first_bread, nicolae_dithmenos_shadow_blocks
D:5:      gup_sewer_entry_spiral, serial_shops, shop,
          nicolae_ossuary_entry_catacombs, nicolae_gozag_seed_capital
D:6:      zin_treasury, serial_glass, glass_columns_a, glass_columns_a,
          glass_columns_b, glass_columns_b, glass_columns_c, glass_columns_b,
          serial_shops, shop, serial_park_tiny_2, uniq_grinder, uniq_eustachio
D:7:      minmay_temple_entry_mist, uniq_menkaure
D:8:      minitemple, lair_entry_dummy
D:9:      basic_altar
D:10:     serial_shops, nicolae_shop_crystal, elyvilon_altar_1
D:11:     hangedman_screamer
D:12:     hiddenorc2_lemuel, serial_undead, serial_undead_a, serial_undead_e,
          serial_undead_b, serial_undead_b, hangedman_fish_farm
D:13:     lemuel_upstairs_altar, grunt_vaults_entry_fortified, uniq_nessos
D:14:     minivault_25
D:15:     gammafunk_depths_entry_grave, enter_trove_3, minmay_misc_feat_enclosed
Temple:   nicolae_temple_elliptical
Lair:1:   special_room, cheibrodos_lair_lostbears, serial_bayou_shore_b,
          serial_bayou_shore_b, grunt_megastairs_5, serial_bayou_shore_b,
          lemuel_fruit_fields
Lair:2:   spider_nest_entry_rubble, st_stairs_11
Lair:3:   swamp_mist, serial_bayou_pond_e, uniq_nergalle
Lair:4:   serial_bayou_lake_a, serial_bayou_shore_a, grunt_megastairs_3
Lair:5:   slime_altar_1
Lair:6:   grunt_lair_end_beastmaster, grunt_megastairs_4
Swamp:1:  evilmike_swamp_ruin_house_2
Swamp:2:  evilmike_swamp_ruin_rubble_1, swamp_pool1, uniq_donald, uniq_nikola
Swamp:3:  nicolae_swamp_fairy_circle, uniq_roxanne
Swamp:4:  swamp_pestilence
Spider:1: uniq_frances, uniq_kirke, uniq_aizul
Orc:1:    minmay_goldmine, uniq_maurice
Orc:2:    st_orc_town
Sewer:    sewer_co_tree

Skill      XL: |  1  2  3  4  5  6  7  8  9 10 11 12 13 14 15 16 |
---------------+-------------------------------------------------+-----
Long Blades    | 4 5 6 7 9 11 12 13 14 | 14.7
Fighting       | 4 5 6 7 9 11 12 14 15 16 | 16.2
Shields        | 1 2 3 4 5 12 14 15 | 15.1
Armour         | 3 6 9 10 12 13 14 | 14.4
Invocations    | 1 7 10 12 | 12.1
Dodging        | |  2.4
Stealth        | |  1.5

Action                   |  1- 3 |  4- 6 |  7- 9 | 10-12 | 13-15 | 16-18 || total
-------------------------+-------+-------+-------+-------+-------+-------++-------
Melee: Falchion          |   103 |   228 |   412 |       |   739 |       ||  1482
       Scimitar          |       |       |    75 |   724 |  1013 |       ||  1812
       Demon blade       |       |       |       |       |   290 |   423 ||   713
       Unarmed           |       |       |       |       |       |    11 ||    11
 Fire: Hunting sling     |       |     7 |   170 |    18 |       |       ||   195
Throw: Stone             |     7 |       |       |       |       |       ||     7
Invok: Minor Destruction |       |       |       |   187 |   178 |    31 ||   396
       Lesser Servant of |       |       |       |     6 |    11 |     3 ||    20
Evoke: Wand              |       |       |     6 |       |     2 |       ||     8
  Use: Potion            |     5 |     1 |     3 |     6 |     5 |     4 ||    24
       Scroll            |     1 |       |    16 |    15 |    19 |     7 ||    58
 Stab: Sleeping          |     3 |       |     1 |       |       |       ||     4
       Invisible         |     1 |       |       |       |       |       ||     1
       Distracted        |       |       |       |     1 |     6 |       ||     7
       Petrified         |       |       |       |       |     2 |       ||     2
  Eat: Chunk             |     2 |    10 |    12 |    22 |    36 |     5 ||    87
       Meat ration       |       |       |     1 |     1 |       |     1 ||     3
       Fruit             |       |       |       |     1 |       |     3 ||     4
       Royal jelly       |       |       |       |     1 |       |       ||     1
Armor: Robe              |    10 |       |       |       |       |       ||    10
       Leather armour    |    19 |    42 |   134 |    21 |       |       ||   216
       Ring mail         |       |    33 |       |       |       |       ||    33
       Chain mail        |       |       |       |   373 |   604 |   165 ||  1142
Dodge: Dodged            |    58 |   137 |   225 |   359 |   328 |    65 ||  1172
Block: Buckler           |       |       |    60 |   280 |   404 |       ||   744
       Reflection        |       |       |       |       |    77 |    13 ||    90
       Shield            |       |       |       |       |  1087 |   456 ||  1543
       Other             |       |       |       |       |       |     4 ||     4
       Rpst.: Falchion   |    19 |    50 |    41 |       |    13 |       ||   123
       Scimitar          |       |       |    11 |    97 |    48 |       ||   156
       Demon blade       |       |       |       |       |     4 |    10 ||    14

Table legend:
 A = Spawn XP
 B = Non-spawn XP
 C = Spawn XP percentage of total XP
 D = Spawn monster count
 E = Non-spawn monster count
 F = Spawn count percentage of total count
 G = Total turns spent on level
                    A         B        C        D         E        F      G
               +---------+---------+-------+---------+---------+-------+---------
         Total |       0 |  154553 |   0.0 |       0 |     837 |   0.0 | 33038
               +---------+---------+-------+---------+---------+-------+---------
           D:1 |       0 |      37 |   0.0 |       0 |      18 |   0.0 |   942
           D:2 |       0 |      93 |   0.0 |       0 |      21 |   0.0 |  1512
           D:3 |       0 |     237 |   0.0 |       0 |      35 |   0.0 |  1657
           D:4 |       0 |     259 |   0.0 |       0 |      16 |   0.0 |  1192
           D:5 |       0 |     835 |   0.0 |       0 |      34 |   0.0 |  1058
           D:6 |       0 |    1649 |   0.0 |       0 |      31 |   0.0 |  1485
           D:7 |       0 |    1838 |   0.0 |       0 |      30 |   0.0 |   999
           D:8 |       0 |     351 |   0.0 |       0 |       9 |   0.0 |   783
           D:9 |       0 |    2484 |   0.0 |       0 |      32 |   0.0 |  1346
          D:10 |       0 |    3045 |   0.0 |       0 |      23 |   0.0 |   744
          D:11 |       0 |   14248 |   0.0 |       0 |      78 |   0.0 |  1980
          D:12 |       0 |    7830 |   0.0 |       0 |      61 |   0.0 |  1022
          D:13 |       0 |   15411 |   0.0 |       0 |      43 |   0.0 |  1452
          D:14 |       0 |    4242 |   0.0 |       0 |      21 |   0.0 |   755
          D:15 |       0 |   10076 |   0.0 |       0 |      26 |   0.0 |   802
        Lair:1 |       0 |    9473 |   0.0 |       0 |      58 |   0.0 |  2334
        Lair:2 |       0 |    2519 |   0.0 |       0 |       9 |   0.0 |   842
        Lair:3 |       0 |    3786 |   0.0 |       0 |      15 |   0.0 |  1665
        Lair:4 |       0 |    2407 |   0.0 |       0 |      14 |   0.0 |   999
        Lair:5 |       0 |    6315 |   0.0 |       0 |      17 |   0.0 |  1734
        Lair:6 |       0 |   16567 |   0.0 |       0 |      39 |   0.0 |  1915
       Swamp:1 |       0 |    7178 |   0.0 |       0 |      18 |   0.0 |   693
       Swamp:2 |       0 |   17482 |   0.0 |       0 |      32 |   0.0 |   832
       Swamp:3 |       0 |   10485 |   0.0 |       0 |      23 |   0.0 |  1239
       Swamp:4 |       0 |    1960 |   0.0 |       0 |       3 |   0.0 |    70
      Spider:1 |       0 |    3034 |   0.0 |       0 |       7 |   0.0 |   187
         Orc:1 |       0 |    3067 |   0.0 |       0 |      37 |   0.0 |   815
         Orc:2 |       0 |    6943 |   0.0 |       0 |      59 |   0.0 |   903
         Sewer |       0 |     702 |   0.0 |       0 |      28 |   0.0 |   770
               +---------+---------+-------+---------+---------+-------+---------
